 Dungeon Crawl Stone Soup version 0.29-a0-477-g62b78b4225 (webtiles) character file.

Game seed: 8266412500491115929

1259 Morbidden the Ruffian (level 8, 0/75 HPs)
             Began as a Troll Transmuter on May 25, 2022.
             Was an Initiate of Cheibriados.
             Slain by an orc
             ... wielding a +0 hand axe
              (7 damage)
             ... on level 6 of the Dungeon.
             The game lasted 00:07:00 (4234 turns).

Morbidden the Ruffian (Troll Transmuter)            Turns: 4234, Time: 00:07:00

Health: 0/75       AC:  4    Str: 24 (26) XL:     8   Next: 27%
Magic:  0/10       EV: 10    Int: 10 (12) God:    Cheibriados [......]
Gold:   181        SH:  0    Dex:  9 (11) Spells: 6/11 levels left

rFire   . . .      SeeInvis +     - Unarmed
rCold   . . .      Faith    .   (no shield)
rNeg    . . .      Spirit   +   a - +0 robe
rPois   .          Reflect  .   (helmet restricted)
rElec   .          Harm     .   (no cloak)
rCorr   .          Rampage  .   (gloves unavailable)
Will    .....                   (boots unavailable)
Stlth   +.........              h - amulet of guardian spirit
HPRegen 1.02/turn               t - +6 ring of strength
MPRegen 0.12/turn               l - ring of see invisible

@: very slow
A: large, unfitting armour, claws 3, regeneration 1, shaggy fur 1, tough skin 1
a: Renounce Religion


You were on level 6 of the Dungeon.
You worshipped Cheibriados.
Cheibriados was noncommittal.
You visited 2 branches of the dungeon, and saw 7 of its levels.

You collected 181 gold pieces.

Inventory:

Missiles
 r - 7 boomerangs (quivered)
 w - a throwing net
Armour
 a - a +0 robe (worn)
Jewellery
 h - an amulet of guardian spirit (around neck)
 k - a ring of positive energy
 l - a ring of see invisible (right claw)
 t - a +6 ring of strength (left claw)
Wands
 m - a wand of flame (16)
 o - a wand of iceblast (5)
 x - a wand of polymorph (7)
Scrolls
 c - 3 scrolls of immolation
 e - 5 scrolls of identify
 i - a scroll of blinking {unknown}
 j - 4 scrolls of poison
 q - a scroll of fog {unknown}
 u - a scroll of enchant weapon {unknown}
 v - 2 scrolls of fear {unknown}
Potions
 d - a potion of might {unknown}
 f - a potion of mutation {unknown}
 g - a potion of attraction {unknown}
 p - a potion of heal wounds {unknown}
 s - a potion of ambrosia {unknown}


   Skills:
 * Level 3.3 Fighting
 + Level 0.1 Throwing
 * Level 3.2 Dodging
 * Level 1.3 Stealth
 * Level 6.7 Unarmed Combat
 * Level 2.1 Spellcasting
 * Level 2.8 Transmutations
 * Level 1.3 Ice Magic
 * Level 1.0 Invocations


You had 6 spell levels left.
You knew the following spells:

 Your Spells              Type           Power      Damage    Failure   Level
a - Beastly Appendage     Tmut           12%        N/A       10%         1
b - Ice Form              Ice/Tmut       5%         N/A       78%         4

Your spell library contained the following spells:

 Spells                   Type           Power      Damage    Failure   Level
 Wereblood                Tmut           6%         N/A       14%         2
 Ensorcelled Hibernation  Hex/Ice        4%         N/A       34%         2
 Poisonous Vapours        Pois/Air       2%         N/A       43%         2
 Spider Form              Tmut/Pois      3%         N/A       45%         3
 Call Canine Familiar     Summ           1%         N/A       67%         3
 Gell's Gravitas          Tloc           1%         N/A       67%         3
 Portal Projectile        Hex/Tloc       2%         N/A       67%         3
 Teleport Other           Tloc           1%         N/A       67%         3
 Tukima's Dance           Hex            1%         N/A       67%         3
 Blade Hands              Tmut           3%         N/A       95%         5
 Anguish                  Hex/Necr       0%         N/A       97%         4
 Corpse Rot               Necr/Pois/Air  1%         N/A       97%         4
 Leda's Liquefaction      Hex/Erth       0%         N/A       97%         4
 Dispersal                Tloc           0%         N/A       100%        6


Dungeon Overview and Level Annotations

Branches:
Dungeon (6/15)             Temple (1/1) D:5

Altars:
Ashenzari
Cheibriados
Elyvilon
Kikubaaqudgha
Makhleb
Okawaru
Qazlal
Ru
Trog
Vehumet
Xom
Zin
The Shining One

Annotations:
D:2 Sigmund


Innate Abilities, Weirdness & Mutations

You are too large for most types of armour.
You have claws for hands.
Your natural rate of healing is unusually fast.
You are covered in fur. (AC +1)
You have tough skin. (AC +1)


Message History

It was a scroll of poison.
The orc priest hits you with a +0 flail.
* * * LOW HITPOINT WARNING * * *
The orc closely misses you.
The orc wizard hits you but does no damage.
The orc wizard closely misses you.
Unknown command.
Unknown command.
Unknown command.
You feel better.
The orc priest hits you with a +0 flail.
* * * LOW HITPOINT WARNING * * *
The orc wizard hits you but does no damage.
The orc hits you but does no damage.
Unknown command.
Unknown command.
Unknown command.
Unknown command.
Okay, then.
As you read the scroll labelled XUPHUD ORIRPHIA, it crumbles to dust.
It is a scroll of identify.
c - 3 scrolls of immolation The orc wizard casts a spell at you.
The puff of flame hits you.
* * * LOW HITPOINT WARNING * * *
The orc priest hits you with a +0 flail.
* * * LOW HITPOINT WARNING * * *
The orc hits you with a +0 dagger.
* * * LOW HITPOINT WARNING * * *
Okay, then.
Okay, then.
It was a potion of degeneration.
There was something very wrong with that liquid.
You feel weakened.
You feel dopey.
You feel clumsy.
The orc priest hits you with a +0 flail.
* * * LOW HITPOINT WARNING * * *
The orc wizard hits you with a +0 dagger.
* * * LOW HITPOINT WARNING * * *
The orc hits you but does no damage. The orc hits you with a +0 hand axe!
You die...

##..#.................#
##..).###.#....#.......
##.).# # .. #.......
###..###.#.. ........#
#§§........ .........
#§§§####.#. #§§#§§§###
..§§§§§§§o##§#
.#..#§§§§@oo§#
#§§§§§§§ooS§§§§§
##§#§§§####.§§§§
#.#§§§. §§§§ # #§§..
§§§ §§§§.. ## §§#§..
§§#§


You could see an orc priest, 2 orc wizards, an adder and 2 orcs.

Vanquished Creatures
  Grinder (D:6)
  A black bear (D:5)
  3 ogres
  3 wights (D:5)
  2 orc priests
  A gnoll shaman (D:5)
  2 hounds (D:4)
  An iguana (D:5)
  Natasha (thrice) (D:2)
  2 orc wizards
  13 gnolls
  3 adders
  A shadow imp (D:5)
  12 orcs
  4 ball pythons (D:3)
  6 bats
  8 endoplasms
  3 giant cockroaches
  8 goblins
  15 hobgoblins
  8 quokkas
  6 frilled lizards
  6 kobolds
  5 rats
117 creatures vanquished.

Notes
Turn   | Place    | Note
-------+----------+-------------------------------------------
     0 | D:1      | Morbidden the Troll Transmuter began the quest for the Orb.
     0 | D:1      | Reached XP level 1. HP: 18/18 MP: 1/1
   154 | D:1      | Reached XP level 2. HP: 25/26 MP: 3/3
   517 | D:1      | Found a faded altar of an unknown god.
   763 | D:1      | Reached skill level 1 in Fighting
   763 | D:1      | Reached XP level 3. HP: 31/33 MP: 4/4
  1001 | D:2      | Noticed Natasha
  1008 | D:2      | Killed Natasha
  1009 | D:2      | Reached skill level 4 in Unarmed Combat
  1014 | D:2      | Noticed Natasha
  1022 | D:2      | Killed Natasha
  1023 | D:2      | Reached XP level 4. HP: 19/41 MP: 2/5
  1113 | D:2      | Noticed Sigmund
  1114 | D:2      | Noticed Natasha
  1176 | D:3      | Found an ancient bone altar of Kikubaaqudgha.
  1207 | D:3      | Found a burning altar of Makhleb.
  1301 | D:3      | Reached XP level 5. HP: 13/48 MP: 2/6
  1842 | D:2      | Killed Natasha
  1843 | D:2      | Reached skill level 5 in Unarmed Combat
  2380 | D:3      | Learned a level 4 spell: Ice Form
  2505 | D:4      | Noticed an ogre
  2517 | D:4      | Killed an ogre
  2518 | D:4      | Reached XP level 6. HP: 31/55 MP: 3/7
  2878 | D:4      | Reached skill level 1 in Stealth
  3164 | D:4      | Reached XP level 7. HP: 57/66 MP: 6/8
  3191 | D:5      | Entered Level 5 of the Dungeon
  3477 | D:5      | Found a staircase to the Ecumenical Temple.
  3642 | Temple   | Entered the Ecumenical Temple
  3658 | Temple   | Became a worshipper of Cheibriados the Contemplative
  3693 | D:5      | Reached skill level 6 in Unarmed Combat
  3757 | D:5      | Reached skill level 1 in Ice Magic
  3846 | D:5      | Found a glowing golden altar of the Shining One.
  4110 | D:6      | Noticed Grinder
  4116 | D:6      | Paralysed by Grinder for 3 turns
  4126 | D:6      | Killed Grinder
  4127 | D:6      | Reached XP level 8. HP: 74/75 MP: 8/10
  4230 | D:6      | Reached skill level 1 in Invocations
  4234 | D:6      | Slain by an orc

Illustrated notes

Levels and vault maps discovered:
D:1:      ncdulo_smallfort, layout_basic, ebering_ecumenical_altar_mist,
          minmay_statues_item, minmay_tromino_i4
D:2:      wander_river, layout_basic, uniq_natasha, uniq_sigmund
D:3:      layout_loops_corners, kiku_gazebo_pond_becter,
          mainiacjoe_overflow_brackets, dk_noncrumbling_2, minmay_circle_x
D:4:      layout_gridville
D:5:      layout_basic, lemuel_tele_altar, temple_doors_e
D:6:      layout_basic, ebering_ghost_rock_garden, serial_shops,
          kennysheep_little_box, minmay_misc_feat_secret_circle,
          hangedman_glass_teeth, uniq_grinder
Temple:   mainiacjoe_temple_coin_purse

Skill      XL: |  1  2  3  4  5  6  7  8 |
---------------+-------------------------+-----
Fighting       | 1 2 3 |  3.3
Unarmed Combat | 4 5 6 |  6.7
Dodging        | 2 3 |  3.2
Transmutations | 2 |  2.8
Stealth        | 1 |  1.3
Spellcasting   | 2 |  2.1
Ice Magic      | 1 |  1.3
Invocations    | 1 |  1.0
Throwing       | |  0.1

Action                   |  1- 3 |  4- 6 |  7- 9 || total
-------------------------+-------+-------+-------++-------
Melee: Unarmed           |    81 |   162 |    79 ||   322
       Punch             |     1 |     2 |     1 ||     4
       Headbutt          |       |     1 |     1 ||     2
       Kick              |       |       |     2 ||     2
Throw: Boomerang         |       |     4 |       ||     4
 Cast: Beastly Appendage |       |     5 |     1 ||     6
  Use: Potion            |       |       |     4 ||     4
       Scroll            |       |       |     2 ||     2
 Stab: Distracted        |     1 |       |       ||     1
       Sleeping          |     2 |     1 |     1 ||     4
Armor: Robe              |    30 |    71 |    16 ||   117
       Skin              |       |       |     5 ||     5
Dodge: Dodged            |    32 |   117 |    39 ||   188

Table legend: (Time is in decaauts)
 A = Elapsed time spent in this place.
 B = Non-inter-level travel time spent in this place.
 C = Inter-level travel time spent in this place.
 D = Time resting spent in this place.
 E = Time spent auto-exploring this place.
 F = Levels seen in this place.
 G = Mean time per level.
                   A        B        C        D        E       F      G
               +--------+--------+--------+--------+--------+-----+--------+
         Total |   4368 |   4180 |    188 |    254 |   2991 |   7 |  624.0 |
       Dungeon |   4340 |   4160 |    180 |    254 |   2990 |   6 |  723.3 |
        Temple |     27 |     20 |      7 |      0 |      1 |   1 |   27.0 |
               +--------+--------+--------+--------+--------+-----+--------+

Top non-repeatable levels by time:
     D:3: 1155 daAuts
     D:5: 992 daAuts
     D:1: 894 daAuts
     D:4: 716 daAuts
     D:2: 438 daAuts
     D:6: 143 daAuts
  Temple: 27 daAuts
